 Dungeon Crawl Stone Soup version 0.20.1-1-g8b1a95d (console) character file.

130 bli the Skirmisher (level 5, -1/42 HPs)
             Began as a Formicid Abyssal Knight on Aug 6, 2017.
             Was a Believer of Lugonu.
             Slain by an adder (3 damage)
             ... on level 3 of the Dungeon.
             The game lasted 00:06:42 (1659 turns).

bli the Skirmisher (Formicid Abyssal Knight)        Turns: 1659, Time: 00:06:43

Health: -1/42      AC:  2    Str: 17    XL:     5   Next: 36%
Magic:  6/6        EV: 12    Int: 11    God:    Lugonu [**....]
Gold:   101        SH:  0    Dex: 11    Spells: 4/4 levels left

rFire    . . .     SeeInvis +   a - +1 short sword
rCold    . . .     Gourm    +   (no shield)
rNeg     . . .     Faith    .   p - +0 robe {MR+}
rPois    .         Spirit   .   (helmet unavailable)
rElec    .         Reflect  .   (no cloak)
rCorr    +         Harm     .   (no gloves)
MR       ++...                  (no boots)
Stlth    ++........             k - amulet of the gourmand
Regen    0.2/turn               t - ring of protection from magic
MPRegen  0.1/turn               v - ring of resist corrosion

@: lethally poisoned (-1 -> -3)
A: permanent stasis, dig shafts and tunnels, four strong arms, antennae 3
a: Dig, Shaft Self, Depart the Abyss, Bend Space, Renounce Religion


You were on level 3 of the Dungeon.
You worshipped Lugonu.
Lugonu was pleased with you.
You were completely stuffed.

You visited 1 branch of the dungeon, and saw 3 of its levels.
You visited the Abyss 1 time.

You collected 101 gold pieces.

Inventory:

Hand Weapons
 a - a +1 short sword (weapon)
Missiles
 d - 15 stones (quivered)
Armour
 b - a +0 leather armour
 p - a +0 robe of magic resistance (worn)
Jewellery
 k - an amulet of the gourmand (around neck)
 t - a ring of protection from magic (left hand)
 v - a ring of resist corrosion (right hand)
Scrolls
 e - 3 scrolls of identify {unknown}
 f - 2 scrolls of fog {unknown}
 g - 2 scrolls of recharging {unknown}
 h - a scroll of amnesia {unknown}
 i - a scroll of remove curse {unknown}
 n - a scroll of enchant weapon {unknown}
 o - a scroll of immolation {unknown}
 r - a scroll of enchant armour {unknown}
Comestibles
 c - 3 bread rations
 j - a royal jelly
 q - a fruit
 s - 2 chunks of flesh


   Skills:
 * Level 3.8 Fighting
 * Level 3.2 Short Blades
 - Level 2.5 Armour
 + Level 1.8 Dodging
 * Level 2.9 Stealth
 + Level 2.4 Invocations


You had 4 spell levels left.
You didn't know any spells.

Dungeon Overview and Level Annotations

Branches:
Dungeon (3/15)

Altars:

Annotations:
D:3 polve's ghost, amateur MfTm


Innate Abilities, Weirdness & Mutations

You cannot be hasted, slowed, berserked, paralysed or teleported.
You can dig through walls and to a lower floor.
Your four strong arms can wield two-handed weapons with a shield.
You have a pair of large antennae on your head. (SInv)


Message History

It was a potion of curing.
You feel better. The adder bites you.
* * * LOW HITPOINT WARNING * * *
It was a potion of berserk rage.
Your stasis prevents you from going berserk.
The adder bites you.
* * * LOW HITPOINT WARNING * * *
You are poisoned.
The adder poisons you!
It was a potion of haste.
Your stasis prevents you from being hasted.
You feel sick. The adder bites you.
* * * LOW HITPOINT WARNING * * *
You barely miss the adder.
The adder is moderately wounded.
The adder barely misses you. The adder bites you.
* * * LOW HITPOINT WARNING * * *
You miss the adder.
The adder is moderately wounded.
The adder bites you.
You die...

.... ... #... .. ..# #.#. #
..##.# #.#.
#.#Y##.##########.#.
###.#.##.#....รท..##.<.
.######....%.#.#.......##...
....Y...#.#..#.#.......#....
......... #..#..............
.g).....# #...##.......#....
#)###@.###>......##...
#...S..# #.......###..
###...## ######### ##. #.###
. #.# . #.# #). ###


You could see an ice beast (wandering) and an adder.

Vanquished Creatures
  A bullfrog zombie (D:3)
  4 adders
  4 leopard geckos
  6 giant cockroaches
  5 goblins
  5 hobgoblins
  8 jackals (D:1)
  3 quokkas (D:2)
  4 bats
  2 frilled lizards (D:1)
  7 kobolds
  3 rats
52 creatures vanquished.

Notes
Turn   | Place    | Note
-------+----------+-------------------------------------------
     0 | Abyss:1  | bli the Formicid Abyssal Knight began the quest for the Orb.
     0 | Abyss:1  | Reached XP level 1. HP: 18/18 MP: 2/2
    29 | Abyss:1  | Noticed a raiju
    30 | D:1      | Escaped the Abyss
    77 | D:1      | Reached skill level 1 in Stealth
    78 | D:1      | Reached * piety under Lugonu
    81 | D:1      | Reached XP level 2. HP: 22/24 MP: 3/3
   219 | D:1      | Reached XP level 3. HP: 5/29 MP: 4/4
   496 | D:1      | Reached skill level 1 in Dodging
   765 | D:2      | Reached XP level 4. HP: 26/35 MP: 5/5
   884 | D:2      | Reached ** piety under Lugonu
  1392 | D:3      | Noticed polve's ghost (amateur MfTm)
  1461 | D:3      | Reached XP level 5. HP: 21/42 MP: 6/6
  1649 | D:3      | Noticed an ice beast
  1658 | D:3      | HP: 2/42 [adder (3)]
  1659 | D:3      | Slain by an adder

Skill      XL: |  1  2  3  4  5 |
---------------+----------------+-----
Stealth        | 1 2 |  2.9
Dodging        | 1 |  1.8
Short Blades   | 3 |  3.2
Fighting       | |  3.8
Armour         | |  2.5
Invocations    | |  2.4

Action                   |  1- 3 |  4- 6 || total
-------------------------+-------+-------++-------
Melee: Short sword       |   125 |   105 ||   230
Invok: Depart the Abyss  |     1 |       ||     1
 Abil: Dig               |       |     1 ||     1
  Use: Potion            |       |     3 ||     3
 Stab: Sleeping          |     1 |     2 ||     3
  Eat: Chunk             |       |    22 ||    22
Armor: Leather armour    |    52 |    12 ||    64
       Robe              |       |     6 ||     6
Dodge: Dodged            |    92 |    55 ||   147
